 Dungeon Crawl Stone Soup version 0.20.1-1-g8b1a95d (webtiles) character file.

174 JeffiDaFish the Grasshopper (level 5, -1/31 HPs)
             Began as a Gargoyle Warper on July 27, 2017.
             Slain by Eustachio
             ... wielding a +0 rapier
              (2 damage)
             ... on level 4 of the Dungeon.
             The game lasted 00:13:12 (2944 turns).

JeffiDaFish the Grasshopper (Gargoyle Warper)       Turns: 2944, Time: 00:13:14

Health: -1/31      AC:  9    Str: 14    XL:     5   Next: 54%
Magic:  8/9        EV: 11    Int: 14    God:
Gold:   153        SH:  3    Dex: 10    Spells: 2/9 levels left

rFire    . . .     SeeInvis .   h - +1 short sword (flame)
rCold    . . .     Gourm    .   (no shield)
rNeg     + . .     Faith    .   j - +0 ring mail
rPois    ∞         Spirit   .   (no helmet)
rElec    +         Reflect  +   (no cloak)
rCorr    .         Harm     .   (no gloves)
MR       .....                  (no boots)
Stlth    ..........             m - +3 amulet of reflection
Regen    0.1/turn               (no ring)
MPRegen  0.2/turn               (no ring)

@: no status effects
A: negative energy resistance 1, electricity resistance, unbreathing,
petrification resistance, rot immunity, AC +4
a: no special abilities


You were on level 4 of the Dungeon.
You were not hungry.

You visited 1 branch of the dungeon, and saw 4 of its levels.

You collected 153 gold pieces.

Inventory:

Hand Weapons
 h - a +1 short sword of flaming (weapon)
Missiles
 e - 5 tomahawks of dispersal
 g - 5 javelins (quivered)
Armour
 j - a +0 ring mail (worn)
Jewellery
 m - a +3 amulet of reflection (around neck)
Scrolls
 d - 3 scrolls of blinking
Potions
 i - a potion of brilliance
Books
 c - a book of Spatial Translocations

   Spells                             Type                      Level
   a - Blink                          Translocation                2
   b - Shroud of Golubria             Charms/Translocation         2
   c - Lesser Beckoning               Translocation                3
   d - Gell's Gravitas                Translocation                3
   e - Teleport Other                 Translocation                3
   f - Passage of Golubria            Translocation                4
Comestibles
 b - 2 meat rations
 f - a bread ration
 k - 4 fruits


   Skills:
 + Level 2.7 Fighting
 + Level 1.5 Short Blades
   Level 2.2 Maces & Flails
 + Level 1.3 Throwing
 + Level 1.9 Armour
 + Level 2.4 Dodging
 + Level 2.9 Spellcasting
 + Level 3.2 Translocations


You had 2 spell levels left.
You knew the following spells:

 Your Spells              Type           Power        Failure   Level  Hunger
a - Blink                 Tloc           N/A          17%         2    ##.....
b - Shroud of Golubria    Chrm/Tloc      #.........   32%         2    ##.....
c - Teleport Other        Tloc           ##......     34%         3    ###....


Dungeon Overview and Level Annotations

Branches:
Dungeon (4/15)
 Temple: D:4-7

Altars:
Ashenzari
Gozag
Makhleb
Yredelemnul

Annotations:
D:4 Eustachio


Innate Abilities, Weirdness & Mutations

You are resistant to torment.
Your stone body is resilient. (AC +4)
You are immune to poison.
You resist negative energy. (rN+)
You are resistant to electric shocks. (rElec)
You can survive without breathing.
You are immune to petrification.
You are immune to rotting.


Message History

Eustachio is almost dead.
The bat closely misses you. The river rat bites you.
* * * LOW HITPOINT WARNING * * *
The crimson imp closely misses you. The frilled lizard misses you.
Eustachio hits you but does no damage.
The river rat twitches its whiskers.
You hit Eustachio. You burn Eustachio.
Eustachio is almost dead.
The bat hits you but does no damage.
The river rat bites you but does no damage.
The bat hits you.
* * * LOW HITPOINT WARNING * * *
The crimson imp barely misses you.
The frilled lizard hisses.
The frilled lizard bites you.
* * * LOW HITPOINT WARNING * * *
The river rat bites you!
* * * LOW HITPOINT WARNING * * *
Eustachio hits you with a rapier.
You die...

[.?.###.####..####.####
#. #.# #..#.......#
....###.# #..#.......#.
........####............
.........r....[.......##
#.#...)..####a#.........
#.#....####.#r....<##.
......(..@.#.#..#####
..........l@#.#.## ≈≈≈
..........br5r#.#.≈≈≈#
>......5.##....'..._∩#
.........##.##.#.≈≈≈##
..... (.....##.≈≈≈#
......##.###. #####
...## #.# .# ### ... .#
... ..


You could see Eustachio, 2 crimson imps, 2 river rats, a bat and a frilled
lizard.

Vanquished Creatures
  6 adders
  3 gnolls (D:3)
  3 oozes
  2 worms
  6 dart slugs
  A leopard gecko (D:1)
  2 ball pythons
  5 bats (D:3)
  3 giant cockroaches
  5 goblins
  7 hobgoblins
  3 jackals (D:1)
  4 frilled lizards
  8 kobolds
  6 rats
64 creatures vanquished.

Notes
Turn   | Place    | Note
-------+----------+-------------------------------------------
     0 | D:1      | JeffiDaFish the Gargoyle Warper began the quest for the Orb.
     0 | D:1      | Reached XP level 1. HP: 12/12 MP: 3/3
   107 | D:1      | Reached XP level 2. HP: 16/17 MP: 5/5
   111 | D:1      | Learned a level 2 spell: Blink
   335 | D:1      | Reached skill level 1 in Throwing
   476 | D:1      | Reached XP level 3. HP: 15/22 MP: 6/6
   919 | D:2      | Reached skill level 3 in Translocations
  1001 | D:2      | Learned a level 3 spell: Gell's Gravitas
  1121 | D:2      | Reached XP level 4. HP: 22/27 MP: 7/7
  1305 | D:2      | Found a basalt altar of Yredelemnul.
  1394 | D:2      | Reached skill level 1 in Short Blades
  1407 | D:2      | Found a shattered altar of Ashenzari.
  1465 | D:2      | Learned a level 2 spell: Shroud of Golubria
  1469 | D:2      | Learned a level 3 spell: Teleport Other
  1978 | D:3      | Reached XP level 5. HP: 31/31 MP: 6/9
  2192 | D:3      | Found a faded altar of an unknown god.
  2277 | D:3      | Found an opulent altar of Gozag.
  2881 | D:4      | Noticed Eustachio
  2934 | D:4      | Found a burning altar of Makhleb.
  2944 | D:4      | HP: 1/31 [river rat[Eustachio] (7)]
  2944 | D:4      | Slain by Eustachio

Skill      XL: |  1  2  3  4 |
---------------+-------------+-----
Throwing       | 1 |  1.3
Dodging        | 2 |  2.4
Translocations | 3 |  3.2
Short Blades   | 1 |  1.5
Fighting       | |  2.7
Maces & Flails | |  2.2
Armour         | |  1.9
Spellcasting   | |  2.9

Action                   |  1- 3 |  4- 6 || total
-------------------------+-------+-------++-------
Melee: Mace              |    27 |       ||    27
       Short sword       |    68 |   172 ||   240
Throw: Javelin           |    12 |     1 ||    13
 Cast: Blink             |     2 |     2 ||     4
       Gell's Gravitas   |     1 |     2 ||     3
       Shroud of Golubri |       |     3 ||     3
       Teleport Other    |       |     2 ||     2
  Use: Potion            |     3 |     3 ||     6
       Scroll            |     3 |     6 ||     9
  Eat: Chunk             |     1 |     7 ||     8
Armor: Leather armour    |    20 |       ||    20
       Ring mail         |    16 |    89 ||   105
Dodge: Dodged            |    70 |   159 ||   229
Block: Other             |       |    16 ||    16
